 Dungeon Crawl Stone Soup version 0.16.2-2-g470672f (webtiles) character file.

375 CrazyArbalest the Bolt Thrower (level 6, -1/50 HPs)
             Began as a Centaur Hunter on Aug 21, 2015.
             Slain by a sky beast (5 damage)
             ... on level 3 of the Dungeon.
             The game lasted 00:19:13 (3688 turns).

CrazyArbalest the Bolt Thrower (Centaur Hunter)     Turns: 3688, Time: 00:19:13

Health: -1/50      AC:  5    Str: 14    XL:     6   Next: 44%
Magic:  5/5        EV:  9    Int: 10    God:
Gold:   131        SH:  0    Dex: 12    Spells: 0 memorised, 5 levels left

rFire  . . .     SeeInvis .     b - +1 hand crossbow
rCold  . . .     Clarity  .     H - +0 ring mail
rNeg   . . .     SustAb   .     (no shield)
rPois  .         Gourm    .     p - +0 hat
rElec  .         Spirit   .     (no cloak)
rCorr  .         Warding  .     (no gloves)
rMut   .         Stasis   .     (no barding)
MR     .....                    (no amulet)
Stlth  ..........               (no ring)
                                (no ring)

@: very quick, not resistant to hostile enchantments, extremely unstealthy
A: hooves 3, deformed body, speed 2, tough skin 3
a: no special abilities


You were on level 3 of the Dungeon.
You were not hungry.

You visited 1 branch of the dungeon, and saw 3 of its levels.

You collected 131 gold pieces.

Inventory:

Hand weapons
 a - a +0 mace of crushing
 b - a +1 hand crossbow (weapon)
 o - a +0 mace
 r - a +0 whip
 y - a +0 hand axe
 E - a +0 flail
 G - a +0 mace
Missiles
 c - 22 bolts (quivered)
Armour
 d - a +0 leather armour
 p - a +0 hat (worn)
 A - a +0 animal skin
 B - a +0 helmet
 H - a +0 ring mail (worn)
Magical staves
 s - an uncursed staff of earth {unknown}
Jewellery
 g - an uncursed ring of teleportation
 F - an uncursed amulet of resist mutation {unknown}
Scrolls
 i - a scroll of teleportation {unknown}
 l - a scroll of amnesia
 n - 2 scrolls of recharging
 u - a scroll of identify
 w - a scroll of random uselessness {unknown}
 x - a scroll of enchant armour {unknown}
Potions
 e - 4 potions of curing {unknown}
 h - a potion of mutation {unknown}
 j - a potion of might {unknown}
 k - 3 potions of haste {unknown}
 t - a potion of cure mutation {unknown}
 v - a potion of flight {unknown}
 z - a potion of agility {unknown}
 D - a potion of experience {unknown}
Comestibles
 f - 2 bread rations
 m - a meat ration
 q - 2 beef jerkies
 C - 7 chunks of flesh


   Skills:
 + Level 2.6 Fighting
 + Level 1.3 Maces & Flails
 * Level 6.9 Crossbows
 + Level 1.3 Armour
 + Level 2.4 Dodging
 + Level 0.9 Stealth


You had 5 spell levels left.
You didn't know any spells.

Dungeon Overview and Level Annotations

Branches:
Dungeon (3/15)

Altars:


Innate Abilities, Weirdness & Mutations

You have hooves in place of feet.
Armour fits poorly on your strangely shaped body.
You cover ground very quickly.
You have extremely tough skin (AC +3).


Message History

Press: ? - help, Shift-Dir - straight line, f/p - gnoll
Aim: a gnoll, wielding a club (lightly wounded)
You shoot a bolt. The bolt closely misses the gnoll.
The sky beast hits you. The sky beast shocks you.
* * * LOW HITPOINT WARNING * * *
The gnoll hits you but does no damage.
The sky beast flickers out of sight!
Deactivating autopickup; reactivate with Ctrl-A.
Something hits you.
* * * LOW HITPOINT WARNING * * *
Something shocks you.
* * * LOW HITPOINT WARNING * * *
Firing (i - inventory):
c - 23 bolts (quivered)
Press: ? - help, Shift-Dir - straight line, f/p - gnoll
Aim: a gnoll, wielding a club (lightly wounded)
You shoot a bolt. The bolt hits the gnoll!
You kill the gnoll!
Something hits you.
* * * LOW HITPOINT WARNING * * *
Something shocks you.
You die...

#.# #.# #.# ##.#
#.###.##############.# #(#
#............).......######.(
#.###..#########.........####
#.# #..# #.###.###.#### #.#
#..# #............. .#. ...#
#####..##.###.#### # ####.#
#.{.........#..... ..#
#@###..##.#.#..###
#######)###..##......###
#...#.##..####.....#.
#.##.###.....)(###.#.
#.###.....(....# .#. #.###.#
#.##..####.# .#.
#.....###.##..# #... .#.
#.###.##...#..# #.#####.
#.........# #.# #..#


There were no monsters in sight!

Vanquished Creatures
  Sigmund (D:3)
  2 orc priests (D:3)
  A worker ant (D:3)
  Robin (D:3)
  8 gnolls
  4 adders
  A worm (D:2)
  2 giant geckos (D:3)
  6 orcs (D:3)
  7 giant cockroaches
  8 hobgoblins
  6 jackals
  2 oozes
  6 bats
  4 giant newts
  18 goblins
  6 kobolds
  2 quokkas (D:3)
  6 rats
91 creatures vanquished.

Notes
Turn   | Place    | Note
--------------------------------------------------------------
     0 | D:1      | CrazyArbalest, the Centaur Hunter, began the quest for the Orb.
     0 | D:1      | Reached XP level 1. HP: 17/17 MP: 1/1
   300 | D:1      | Reached XP level 2. HP: 18/24 MP: 2/2
   565 | D:1      | Reached skill level 5 in Crossbows
  1048 | D:2      | Reached XP level 3. HP: 27/29 MP: 3/3
  1132 | D:2      | Reached XP level 4. HP: 31/36 MP: 3/3
  2391 | D:3      | Noticed Robin
  2409 | D:3      | Killed Robin
  2409 | D:3      | Reached skill level 6 in Crossbows
  2409 | D:3      | Reached XP level 5. HP: 29/42 MP: 4/4
  2460 | D:3      | Reached skill level 1 in Maces & Flails
  2480 | D:3      | Reached skill level 1 in Armour
  2643 | D:3      | Noticed Sigmund
  2673 | D:3      | Killed Sigmund
  3028 | D:3      | Reached XP level 6. HP: 33/50 MP: 5/5
  3612 | D:3      | Noticed a sky beast
  3688 | D:3      | Slain by a sky beast

Action                   |  1- 3 |  4- 6 || total
-------------------------+-------+-------++-------
Melee: Whip              |    72 |   112 ||   184
       Short sword       |     6 |       ||     6
       Mace              |       |    62 ||    62
 Fire: Hand crossbow     |    19 |    69 ||    88
  Use: Scroll            |       |     4 ||     4
  Eat: Chunk             |       |     7 ||     7
